 Dungeon Crawl Stone Soup version 0.24-a0-639-gb70a11d811 (webtiles) character file.

Game seed: 14152335533956595877, levelgen mode: deterministic

31 Kairok the Sneak (level 3, 0/18 HPs)
             Began as a Vine Stalker Assassin on Sept 23, 2019.
             Succumbed to an adder's poison
             ... on level 2 of the Dungeon.
             The game lasted 00:03:41 (933 turns).

Kairok the Sneak (Vine Stalker Assassin)             Turns: 933, Time: 00:03:42

Health: 0/18       AC:  5    Str: 13    XL:     3   Next: 22%
Magic:  1/4        EV: 17    Int: 11    God:
Gold:   92         SH:  0    Dex: 21    Spells: 2/2 levels left

rFire    . . .     SeeInvis .   a - +2 dagger
rCold    . . .     Gourm    .   (no shield)
rNeg     . . .     Faith    .   b - +0 robe
rPois    .         Spirit   +   (no helmet)
rElec    .         Reflect  .   c - +2 cloak
rCorr    .         Harm     .   (no gloves)
MR       .....                  (no boots)
Stlth    ++++......             (no amulet)
HPRegen  0.06/turn              (no ring)
MPRegen  0.09/turn              (no ring)

@: agile, lethally poisoned (0 -> -7), flying
A: fangs 2, magic shield, antimagic bite, no potion heal 3, rot immunity
a: no special abilities


You were on level 2 of the Dungeon.
You were not hungry.

You visited 1 branch of the dungeon, and saw 2 of its levels.

You collected 92 gold pieces.

Inventory:

Hand Weapons
 a - a +2 dagger (weapon)
Missiles
 d - 2 poisoned darts (quivered)
 e - 10 curare-tipped darts
Armour
 b - a +0 robe (worn)
 c - a +2 cloak (worn)
Scrolls
 i - a scroll of teleportation {unknown}
 j - a scroll of fog {unknown}
Potions
 g - a potion of magic
 o - a potion of berserk rage
Comestibles
 f - 2 rations


   Skills:
 + Level 2.0 Fighting
 + Level 1.8 Short Blades
 + Level 1.9 Throwing
 + Level 1.1 Dodging
 + Level 5.7 Stealth


You had 2 spell levels left.
You didn't know any spells.
Your spell library was empty.

Dungeon Overview and Level Annotations

Branches:
Dungeon (2/15)

Altars:


Innate Abilities, Weirdness & Mutations

You have extremely sharp teeth.
When hurt, damage is shared between your health and your magic reserves.
Your bite disrupts and absorbs the magic of your enemies.
Potions cannot restore your health.
You are immune to rotting.


Message History

The adder bites you.
* * * LOW HITPOINT WARNING * * *
You are lethally poisoned!
The adder poisons you!
* * * LOW HITPOINT WARNING * * *
You feel sick. The adder bites you.
* * * LOW HITPOINT WARNING * * *
You are more poisoned.
The adder poisons you!
It was a potion of agility.
You feel agile all of a sudden.
* * * LOW HITPOINT WARNING * * *
You feel sick. The adder barely misses you.
It was a potion of flight.
You feel very buoyant.
You fly up into the air.
The adder bites you but does no damage.
It was a potion of heal wounds.
That seemed strangely inert.
* * * LOW HITPOINT WARNING * * *
You feel sick. The adder misses you. The adder bites you but does no damage.
You die...

#...# #... #...# #.... #...#
## #...# #...# ... ...#
#...# ######.######
#...#######
.^.........###.........#
####....................####
............<...@.S........#
........###########g.#.....
.....((..................##
.........>(......)........#
.....##..###...........#..#
..... #.........#.##.#.#..#
. .....
#.#..............#..####.#
.....
#.#.#.#######.#..##.#....#
..g.. #.#.#.# #.#..##.#.#


You could see an adder and a goblin.

Vanquished Creatures
  2 worms (D:2)
  A dart slug (D:1)
  2 leopard geckos
  2 giant cockroaches
  3 goblins (D:1)
  2 hobgoblins
  2 kobolds (D:1)
  3 bats
  3 frilled lizards
20 creatures vanquished.

Notes
Turn   | Place    | Note
-------+----------+-------------------------------------------
     0 | D:1      | Kairok the Vine Stalker Assassin began the quest for the
                  | Orb.
     0 | D:1      | Reached XP level 1. HP: 11/11 MP: 2/2
   108 | D:1      | Reached skill level 1 in Dodging
   115 | D:1      | Reached skill level 5 in Stealth
   232 | D:1      | Reached XP level 2. HP: 15/15 MP: 3/3
   857 | D:2      | Reached XP level 3. HP: 10/18 MP: 4/4
   933 | D:2      | Succumbed to an adder's poison

Levels and vault maps discovered:
D:1:      dpeg_arrival_long_road, layout_basic, kennysheep_boxes
D:2:      layout_rooms, okawaru_altar_gauntlet_db, serial_co_window_serial,
          co_window_of_opportunity_a, co_window_corner_a, co_window_corner_a,
          co_window_paths_b, co_window_paths_b, co_window_paths_a,
          co_window_of_opportunity_a, co_window_broadway_a, co_window_2corner,
          co_window_corner_b, co_window_corner_cb, first_ration, uniq_robin

Skill      XL: |  1  2 |
---------------+-------+-----
Dodging        | 1 |  1.1
Stealth        | 5 |  5.7
Fighting       | 2 |  2.0
Short Blades   | |  1.8
Throwing       | |  1.9

Action                   || total
-------------------------++-------
Melee: Dagger            ||    49
       Bite              ||     8
Throw: Dart              ||    20
  Use: Scroll            ||     5
       Potion            ||     3
 Stab: Sleeping          ||     4
Armor: Robe              ||    14
Dodge: Dodged            ||    29

Table legend:
 A = Non-vault XP
 B = Vault XP
 C = Vault XP percentage of total XP
 D = Non-vault monster count
 E = Vault monster count
 F = Vault count percentage of total count
                 A         B        C        D         E       F
            +---------+---------+-------+---------+---------+-------
      Total |      45 |       0 |   0.0 |      20 |       0 |   0.0
            +---------+---------+-------+---------+---------+-------
        D:1 |      24 |       0 |   0.0 |      12 |       0 |   0.0
        D:2 |      21 |       0 |   0.0 |       8 |       0 |   0.0
            +---------+---------+-------+---------+---------+-------
